 Dungeon Crawl Stone Soup version 0.21.0-3-g78d12a8bdd (webtiles) character file.

54 NullDivider the Charlatan (level 3, -1/18 HPs)
             Began as a Spriggan Artificer on Jan 12, 2018.
             Killed from afar by a dart slug (6 damage)
             ... with a slug dart
             ... on level 2 of the Dungeon.
             The game lasted 00:08:02 (1607 turns).

NullDivider the Charlatan (Spriggan Artificer)      Turns: 1607, Time: 00:08:03

Health: -1/18      AC:  2    Str:  8    XL:     3   Next: 66%
Magic:  7/7        EV: 19    Int: 12    God:
Gold:   102        SH:  0    Dex: 17    Spells: 2/2 levels left

rFire    . . .     SeeInvis +   a - +0 short sword
rCold    . . .     Gourm    .   (shield restricted)
rNeg     . . .     Faith    .   b - +0 robe
rPois    .         Spirit   .   (helmet restricted)
rElec    .         Reflect  .   (no cloak)
rCorr    .         Harm     .   (gloves unavailable)
MR       .....                  (boots unavailable)
Stlth    ++........             (no amulet)
HPRegen  0.06/turn              (no ring)
MPRegen  0.10/turn              (no ring)

@: very quick
A: very small, unfitting armour, see invisible, herbivore, speed 3, slow
metabolism 2
a: no special abilities


You were on level 2 of the Dungeon.
You were not hungry.

You visited 1 branch of the dungeon, and saw 2 of its levels.

You collected 102 gold pieces.

Inventory:

Hand Weapons
 a - a +0 short sword (weapon)
Armour
 b - a +0 robe (worn)
Wands
 c - a wand of flame (8)
 d - a wand of enslavement (15)
 e - a wand of random effects (15)
Scrolls
 i - a scroll of identify {unknown}
 j - a scroll of amnesia {unknown}
 l - a scroll of enchant armour {unknown}
 m - 2 scrolls of teleportation {unknown}
 n - a scroll of magic mapping {unknown}
Potions
 g - 2 potions of flight {unknown}
 h - a potion of might {unknown}
 k - 2 potions of curing {unknown}
 o - a potion of degeneration {unknown}
 p - a potion of lignification {unknown}
Comestibles
 f - 3 rations


   Skills:
 * Level 1.7 Fighting
 + Level 1.6 Short Blades
 + Level 3.6 Dodging
 * Level 3.2 Stealth
 + Level 4.3 Evocations


You had 2 spell levels left.
You didn't know any spells.

Dungeon Overview and Level Annotations

Branches:
Dungeon (2/15)

Altars:
Qazlal

Annotations:
D:2 2 transporters


Innate Abilities, Weirdness & Mutations

You are very small and have problems with some larger weapons.
You are too small for most types of armour.
You have supernaturally acute eyesight. (SInv)
You are a herbivore.
You cover ground extremely quickly.
You need consume almost no food.


Message History

The hobgoblin completely misses you.
You hit the hobgoblin.
You kill the hobgoblin!
The hobgoblin blocks your attack. The hobgoblin barely misses you.
You hit the hobgoblin but do no damage. The hobgoblin misses you.
The hobgoblin blocks your attack. The hobgoblin hits you.
The hobgoblin blocks your attack. The hobgoblin misses you.
You barely miss the hobgoblin. The hobgoblin misses you.
The hobgoblin blocks your attack. The hobgoblin hits you.
The hobgoblin blocks your attack. The hobgoblin barely misses you.
The hobgoblin blocks your attack. The hobgoblin hits you.
* * * LOW HITPOINT WARNING * * *
The hobgoblin throws a javelin.
The javelin misses you.
The hobgoblin throws a javelin.
The javelin closely misses you. As you open the door, it creaks loudly!
A dart slug comes into view.
Found 8 gold pieces.
The dart slug launches a dart at you. The slug dart hits you!
You die...

#..(......#.#.. #.....
#.........#a... #.$...
#.........#S#.. #.....
#.........#..#. #.....
#..†.....(#.!(? #.....
#.........##8$: #.....
#.....(....####
#.....###g#+##'#.......
#...w.@.#.#.##..#......
#.....#.#.#.##.>#####..
#.....#.#(.)..#†# ##
#.....#.###.#.#.#
#######.....#.#.#
#######.#.# ### .#.#.#
..# ###.#.#.# .(#
..#.#.#.#


You could see a dart slug.

Vanquished Creatures
  2 adders (D:2)
  An ooze (D:1)
  2 worms (D:2)
  A dart slug (D:1)
  A leopard gecko (D:2)
  An orc (D:2)
  2 bats (D:1)
  2 hobgoblins
  A quokka (D:2)
  2 goblins (D:2)
  3 kobolds
  6 rats
  A toadstool (D:1)
25 creatures vanquished.

Vanquished Creatures (others)
  3 toadstools (D:1)
3 creatures vanquished.

Grand Total: 28 creatures vanquished

Notes
Turn   | Place    | Note
-------+----------+-------------------------------------------
     0 | D:1      | NullDivider the Spriggan Artificer began the quest for the Orb.
     0 | D:1      | Reached XP level 1. HP: 9/9 MP: 4/4
   318 | D:1      | Reached skill level 1 in Fighting
   385 | D:1      | Reached XP level 2. HP: 9/14 MP: 6/6
   943 | D:2      | Reached XP level 3. HP: 18/18 MP: 7/7
  1402 | D:2      | Found a transporter.
  1512 | D:2      | Noticed an ogre
  1558 | D:2      | Found a stormy altar of Qazlal.
  1562 | D:2      | Found a transporter.
  1607 | D:2      | Killed from afar by a dart slug

Skill      XL: |  1  2  3 |
---------------+----------+-----
Fighting       | 1 |  1.7
Stealth        | 2 3 |  3.2
Short Blades   | |  1.6
Dodging        | |  3.6
Evocations     | |  4.3

Action                   || total
-------------------------++-------
Melee: Short sword       ||   117
Evoke: Wand              ||     7
 Stab: Sleeping          ||     2
Armor: Robe              ||    14
Dodge: Dodged            ||    77
